 Dungeon Crawl Stone Soup version 0.26-a0-1191-ge2a0e31ab3 (webtiles) character file.

Game seed: 15308744244502784160

523 sanka the Insei (level 7, 53/59 HPs)
             Began as a White Draconian Monk on Dec 28, 2020.
             Quit the game on level 4 of the Dungeon.
             The game lasted 00:05:46 (5159 turns).

sanka the Insei (White Draconian Monk)              Turns: 5159, Time: 00:05:46

Health: 53/59      AC:  6    Str: 14    XL:     7   Next: 2%
Magic:  7/7        EV: 13    Int: 10    God:
Gold:   152        SH:  0    Dex: 15    Spells: 6/6 levels left

rFire    . . .     SeeInvis .     - Unarmed
rCold    + . .     Faith    .   (no shield)
rNeg     . . .     Spirit   .   (armour unavailable)
rPois    .         Reflect  .   (helmet restricted)
rElec    .         Harm     .   (no cloak)
rCorr    .         Rampage  .   (no gloves)
Will     .....                  (no boots)
Stlth    ++........             (no amulet)
HPRegen  0.19/turn              (no ring)
MPRegen  0.10/turn              (no ring)

@: no status effects
A: breathe frost, unfitting armour, cold resistance 1, cold-blooded, AC +6
a: Breathe Frost


You were on level 4 of the Dungeon.
You visited 1 branch of the dungeon, and saw 4 of its levels.

You collected 152 gold pieces.


Innate Abilities, Weirdness & Mutations

You can breathe waves of freezing cold.
You can buffet flying creatures when you breathe cold.
Your icy white scales are hard. (AC +6)
You cannot fit into any form of body armour.
Your flesh is cold resistant. (rC+)
You are cold-blooded and may be slowed by cold attacks.


   Skills:
 - Level 4.0 Fighting
 - Level 2.6 Dodging
 - Level 1.7 Stealth
 + Level 7.8 Unarmed Combat


You had 6 spell levels left.
You didn't know any spells.
Your spell library contained the following spells:

 Spells                   Type           Power        Failure   Level
 Magic Dart               Conj           0%           36%         1
 Searing Ray              Conj           0%           50%         2
 Dazzling Flash           Conj/Hex       0%           75%         3
 Fulminant Prism          Conj/Hex       0%           98%         4
 Iskenderun's Mystic Bla  Conj/Tloc      0%           98%         4

Inventory:

Wands
 i - a wand of polymorph (5)
 r - a wand of paralysis (5)
Scrolls
 a - 3 scrolls of identify {unknown}
 c - 3 scrolls of teleportation {unknown}
 e - a scroll of magic mapping {unknown}
 h - 3 scrolls of fog {unknown}
 j - 3 scrolls of immolation {unknown}
 k - a scroll of enchant armour {unknown}
 l - a scroll of fear {unknown}
 o - a scroll of remove curse {unknown}
 q - a scroll of blinking {unknown}
Potions
 b - 2 potions of curing {unknown}
 d - 2 potions of haste {unknown}
 f - a potion of brilliance {unknown}
 g - a potion of cancellation {unknown}
 m - a potion of berserk rage {unknown}
 n - a potion of heal wounds {unknown}
 p - a potion of might {unknown}

Dungeon Overview and Level Annotations

Branches:
Dungeon (4/15)
 Temple: D:4-7

Altars:

▒ ▒......▒ ▒
▒......▒....... ▒▒
▒▒......▒......
≈▒▒▒▒≈......▒......
............▒.....▒▒▒
...........▒▒.......▒
..........▒▒........▒▒
.........▒▒......w...▒
........▒▒▒.....d....▒
.......▒▒....>......▒▒
▒▒▒▒▒▒▒▒.............▒
..............▒▒ ..
..............▒ ..
.....▒▒▒.....▒▒ ..
...........▒▒▒ ..
▒▒..........▒▒▒▒▒ ..
▒▒▒........▒▒..▒▒


You could see a dart slug.


Message History

The phantom misses you. The dart slug barely misses you.
You barely miss the phantom.
The phantom is severely damaged.
The phantom misses you.
You hit the phantom.
The phantom is almost destroyed.
The dart slug bites you but does no damage.
The phantom hits you.
You miss the phantom.
The phantom is almost destroyed.
The phantom closely misses you.
You hit the phantom but do no damage.
Your tail-slap misses the phantom.
The phantom is almost destroyed.
The dart slug completely misses you.
You hit the phantom.
The phantom is almost destroyed.
The phantom completely misses you.
The dart slug bites you but does no damage.
You punch the phantom!
You destroy the phantom!
You have reached level 7!
Your scales start taking on an icy white colour.
You learn Fire Magic much slower.
You learn Ice Magic much quicker.
You can breathe waves of freezing cold.
You can buffet flying creatures when you breathe cold.
You feel resistant to cold.
Are you sure you want to abandon this character and quit the game? (Confirm with "yes".)

Action                   |  1- 3 |  4- 6 |  7- 9 || total
-------------------------+-------+-------+-------++-------
Melee: Unarmed           |   141 |   206 |       ||   347
       Tailslap          |     7 |    23 |       ||    30
       Punch             |       |     5 |       ||     5
 Stab: Sleeping          |     6 |     3 |       ||     9
Armor: Skin              |    33 |    47 |       ||    80
Dodge: Dodged            |    77 |   116 |       ||   193

Levels and vault maps discovered:
D:1:      wander_arrival_peaceful_grave, layout_loops_ring, fountainhead,
          minmay_misc_feat_x, amethyst_killhole, minmay_octomino_j4
D:2:      layout_basic, chequers_ecumenical_altar_simple, hex_large,
          hangedman_decor_clover_reticule
D:3:      layout_basic, uniq_jessica
D:4:      layout_cave_pools, kennysheep_big_empty_room, minmay_quantized

Notes
Turn   | Place    | Note
-------+----------+-------------------------------------------
     0 | D:1      | sanka the Draconian Monk began the quest for the Orb.
     0 | D:1      | Reached XP level 1. HP: 19/19 MP: 1/1
   662 | D:1      | Reached skill level 4 in Fighting
   662 | D:1      | Reached XP level 2. HP: 27/27 MP: 2/2
  1239 | D:2      | Found a faded altar of an unknown god.
  1328 | D:2      | Reached XP level 3. HP: 33/33 MP: 3/3
  1469 | D:1      | Reached skill level 4 in Unarmed Combat
  1902 | D:2      | Reached XP level 4. HP: 40/40 MP: 4/4
  2379 | D:3      | Noticed Jessica
  2391 | D:3      | Killed Jessica
  2392 | D:3      | Reached skill level 5 in Unarmed Combat
  2660 | D:3      | Reached XP level 5. HP: 39/46 MP: 5/5
  3352 | D:4      | Noticed an ogre
  4460 | D:4      | Reached skill level 6 in Unarmed Combat
  4697 | D:4      | Noticed a phantom
  4739 | D:4      | Killed a phantom
  4740 | D:4      | Reached XP level 6. HP: 34/52 MP: 6/6
  5031 | D:4      | Reached skill level 7 in Unarmed Combat
  5159 | D:4      | Your scales start taking on an icy white colour.
  5159 | D:4      | Reached XP level 7. HP: 53/59 MP: 7/7
  5159 | D:4      | Gained mutation: Your flesh is cold resistant. (rC+) [White
                  | Draconian growth]
  5159 | D:4      | Quit the game

Vanquished Creatures
  2 phantoms (D:4)
  An ogre (D:4)
  An orc priest (D:4)
  A hound (D:4)
  Jessica (D:3)
  A worker ant (D:4)
  7 adders
  An ooze (D:2)
  2 worms
  4 dart slugs
  A leopard gecko (D:1)
  5 orcs
  5 bats
  4 giant cockroaches
  5 goblins
  11 hobgoblins
  2 jackals (D:2)
  10 kobolds
  A quokka (D:3)
  2 ball pythons
  A frilled lizard (D:2)
  A quokka skeleton (D:4)
  12 rats
81 creatures vanquished.
